TOP OF THE 1ST |
Detroit Dirty Snow batting - Pitching for Athens Assassins : LHP Desi Wells
|
Pitching: LHP Desi Wells
|
|
Batting: SHB Bob Noble
|
0-0: Called Strike 0-1: Ball 1-1: Ball 2-1: Ball 3-1: Called Strike 3-2: Base on Balls
|
Batting: RHB Cristo Souza
|
0-0: Fly out, F7 (Line Drive, 78D)
|
Batting: LHB Eric Powell
|
0-0: Ball 1-0: Foul Ball, location: 2F 1-1: Swinging Strike 1-2: Strikes out swinging
|
Batting: SHB Tim Reid
|
0-0: Foul Ball, location: 2F 0-1: Called Strike 0-2: Ball 1-2: Ball 2-2: Ground out 4-3 (Groundball, 34)
|
Top of the 1st over - 0 run(s), 0 hit(s), 0 error(s), 1 left on base; Detroit 0 - Athens 0 |
BOTTOM OF THE 1ST |
Athens Assassins batting - Pitching for Detroit Dirty Snow : LHP Jason Simpson
|
Pitching: LHP Jason Simpson
|
|
Batting: SHB José Estreito
|
0-0: Called Strike 0-1: Foul Ball, location: 2F 0-2: Ball 1-2: Foul Ball, location: 2F 1-2: Ball 2-2: Foul Ball, location: 2F 2-2: Strikes out swinging
|
Batting: RHB Juan Gonzáles
|
0-0: Foul Ball, location: 2F 0-1: Foul Ball, location: 2F 0-2: Reached on error, E5 (Groundball, 56S)
|
Batting: LHB Tommy Payne
|
0-0: Swinging Strike 0-1: Swinging Strike 0-2: Ball 1-2: Ball 2-2: Strikes out looking
|
Batting: LHB Terry Simpson
|
0-0: Fly out, F4 (Popup, 4)
|
Bottom of the 1st over - 0 run(s), 0 hit(s), 1 error(s), 1 left on base; Detroit 0 - Athens 0 |
TOP OF THE 2ND |
Detroit Dirty Snow batting - Pitching for Athens Assassins : LHP Desi Wells
|
Batting: RHB Héctor Berrios
|
0-0: Foul Ball, location: 2F 0-1: Ball 1-1: Ball 2-1: Ball 3-1: Ground out 2-3 (Groundball, 25)
|
Batting: RHB Manny Perea
|
0-0: Called Strike 0-1: Ball 1-1: Ball 2-1: Ball 3-1: Called Strike 3-2: Ground out 1-3 (Groundball, 15)
|
Batting: RHB Charlie O'Farrell
|
0-0: Ball 1-0: Ball 2-0: Ball 3-0: Base on Balls
|
Batting: SHB Alan Garland
|
0-0: Ball 1-0: Called Strike 1-1: Ball 2-1: Foul Ball, location: 2F 2-2: Foul Ball, location: 2F 2-2: Foul Ball, location: 2F 2-2: SINGLE (Groundball, 5S) (infield hit) Charlie O'Farrell to second
|
Batting: RHB Phil Wright
|
0-0: SINGLE (Groundball, 6D) Charlie O'Farrell to third Alan Garland to second Runner from 3rd tries for Home, SAFE, no throw or cutoff
|
Batting: SHB Bob Noble
|
0-0: Ball 1-0: Called Strike 1-1: 3-RUN HOME RUN (Line Drive, 78XD), Distance : 404 ft
|
Batting: RHB Cristo Souza
|
0-0: Ball 1-0: Called Strike 1-1: Called Strike 1-2: Ball 2-2: Strikes out looking
|
Top of the 2nd over - 4 run(s), 3 hit(s), 0 error(s), 0 left on base; Detroit 4 - Athens 0 |
BOTTOM OF THE 2ND |
Athens Assassins batting - Pitching for Detroit Dirty Snow : LHP Jason Simpson
|
Batting: LHB António Romo
|
0-0: Reached on error, E4 (Groundball, 34)
|
Batting: LHB Xavier Smith
|
0-0: Called Strike 0-1: Foul Ball, location: 2F 0-2: Foul Ball, location: 2F 0-2: Ball 1-2: Fly out, F8 (Flyball, 8RXD) Runner from 2nd tags up, SAFE at 3rd, no throw
|
Batting: LHB Al Bartlett
|
0-0: Reached on error, E4 (Groundball, 4) António Romo scores
|
Batting: SHB Rick Turner
|
0-0: Called Strike 0-1: DOUBLE (Flyball, 9LM) Al Bartlett scores
|
Pinch Runner at 2nd George Arnold:
|
|
Batting: RHB Ryan Jackson
|
0-0: Swinging Strike 0-1: Swinging Strike 0-2: Strikes out looking
|
Batting: SHB José Estreito
|
0-0: Swinging Strike 0-1: Called Strike 0-2: Ball 1-2: Ball 2-2: Foul Ball, location: 2F 2-2: Foul Ball, location: 2F 2-2: Fly out, F9 (Line Drive, 9M)
|
Bottom of the 2nd over - 2 run(s), 1 hit(s), 2 error(s), 1 left on base; Detroit 4 - Athens 2 |
TOP OF THE 3RD |
Detroit Dirty Snow batting - Pitching for Athens Assassins : LHP Desi Wells
|
Now at 3B: George Arnold
|
|
Batting: LHB Eric Powell
|
0-0: Called Strike 0-1: Ball 1-1: Foul Ball, location: 2F 1-2: Ball 2-2: Fly out, F4 (Popup, 4D)
|
Batting: SHB Tim Reid
|
0-0: Foul Ball, location: 2F 0-1: Swinging Strike 0-2: Ball 1-2: Foul Ball, location: 2F 1-2: Ground out 4-3 (Groundball, 4M)
|
Batting: RHB Héctor Berrios
|
0-0: Swinging Strike 0-1: Ball 1-1: Fly out, F7 (Flyball, 78M)
|
Top of the 3rd over - 0 run(s), 0 hit(s), 0 error(s), 0 left on base; Detroit 4 - Athens 2 |
BOTTOM OF THE 3RD |
Athens Assassins batting - Pitching for Detroit Dirty Snow : LHP Jason Simpson
|
Batting: RHB Juan Gonzáles
|
0-0: Called Strike 0-1: Foul Ball, location: 2F 0-2: SINGLE (Line Drive, 6MD)
|
Batting: LHB Tommy Payne
|
0-0: Called Strike 0-1: Swinging Strike 0-2: Foul Ball, location: 2F 0-2: Ball Wild Pitch! Juan Gonzáles to second 1-2: Strikes out swinging
|
Batting: LHB Terry Simpson
|
0-0: Called Strike Juan Gonzáles is caught stealing 3rd base 0-1: Called Strike 0-2: Strikes out swinging
|
Bottom of the 3rd over - 0 run(s), 1 hit(s), 0 error(s), 0 left on base; Detroit 4 - Athens 2 |
TOP OF THE 4TH |
Detroit Dirty Snow batting - Pitching for Athens Assassins : LHP Desi Wells
|
Batting: RHB Manny Perea
|
0-0: Called Strike 0-1: Foul Ball, location: 2F 0-2: Foul Ball, location: 2F 0-2: Ball 1-2: Foul Ball, location: 2F 1-2: Strikes out looking
|
Batting: RHB Charlie O'Farrell
|
0-0: Ball 1-0: Foul Ball, location: 2F 1-1: Foul Ball, location: 2F 1-2: Ball 2-2: Foul Ball, location: 2F 2-2: Ball 3-2: Base on Balls
|
Pitching: RHP Cisco López
|
|
Batting: SHB Alan Garland
|
0-0: Called Strike 0-1: Foul Ball, location: 2F 0-2: Ball 1-2: Ball 2-2: Ball 3-2: SINGLE (Groundball, 25) (infield hit) Charlie O'Farrell to second
|
Batting: RHB Phil Wright
|
0-0: Ball 1-0: Ball 2-0: Ground out 5-3 (Groundball, 5S) Charlie O'Farrell to third Alan Garland to second
|
Batting: SHB Bob Noble
|
0-0: Called Strike 0-1: Ground out 4-3 (Groundball, 34)
|
Top of the 4th over - 0 run(s), 1 hit(s), 0 error(s), 2 left on base; Detroit 4 - Athens 2 |
BOTTOM OF THE 4TH |
Athens Assassins batting - Pitching for Detroit Dirty Snow : LHP Jason Simpson
|
Batting: LHB António Romo
|
0-0: Ball 1-0: Fly out, F4 (Popup, 4)
|
Batting: LHB Xavier Smith
|
0-0: Called Strike 0-1: Ball 1-1: Called Strike 1-2: Strikes out swinging
|
Batting: LHB Al Bartlett
|
0-0: SINGLE (Flyball, 8LS)
|
Batting: RHB George Arnold
|
0-0: Ball 1-0: Foul Ball, location: 2F 1-1: Ball 2-1: Foul Ball, location: 2F 2-2: Foul Ball, location: 2F 2-2: Ball 3-2: Ground out 5-3 (Groundball, 5)
|
Bottom of the 4th over - 0 run(s), 1 hit(s), 0 error(s), 1 left on base; Detroit 4 - Athens 2 |
TOP OF THE 5TH |
Detroit Dirty Snow batting - Pitching for Athens Assassins : RHP Cisco López
|
Batting: RHB Cristo Souza
|
0-0: Ball 1-0: Ball 2-0: Called Strike 2-1: Fly out, F9 (Flyball, 9M)
|
Batting: LHB Eric Powell
|
0-0: Ground out 3-1 (Groundball, 34)
|
Batting: SHB Tim Reid
|
0-0: Ball 1-0: Ball
|
|
|
|
2-0: Ball 3-0: Foul Ball, location: 2F 3-1: Base on Balls
|
Batting: RHB Héctor Berrios
|
0-0: Ball 1-0: Called Strike 1-1: Called Strike 1-2: Ground out 3-1 (Groundball, 34)
|
Top of the 5th over - 0 run(s), 0 hit(s), 0 error(s), 1 left on base; Detroit 4 - Athens 2 |
BOTTOM OF THE 5TH |
Athens Assassins batting - Pitching for Detroit Dirty Snow : LHP Jason Simpson
|
Batting: RHB Ryan Jackson
|
0-0: Fly out, F6 (Line Drive, 6)
|
Batting: SHB José Estreito
|
0-0: Ball 1-0: Called Strike 1-1: Hit by Pitch
|
Batting: RHB Juan Gonzáles
|
0-0: Ball 1-0: Foul Ball, location: 2F 1-1: Called Strike 1-2: Ball 2-2: Foul Ball, location: 2F 2-2: Strikes out swinging José Estreito is caught stealing 2nd base Batter strikes out.
|
Bottom of the 5th over - 0 run(s), 0 hit(s), 0 error(s), 0 left on base; Detroit 4 - Athens 2 |
TOP OF THE 6TH |
Detroit Dirty Snow batting - Pitching for Athens Assassins : RHP Cisco López
|
Batting: RHB Manny Perea
|
0-0: Fly out, F2 (Popup, 23F)
|
Batting: RHB Charlie O'Farrell
|
0-0: Called Strike 0-1: Foul Ball, location: 2F 0-2: SOLO HOME RUN (Flyball, 7D), Distance : 361 ft
|
Batting: SHB Alan Garland
|
0-0: Ball 1-0: Ground out 4-3 (Groundball, 4M)
|
Batting: RHB Phil Wright
|
0-0: Ball 1-0: Ball 2-0: SINGLE (Groundball, 6)
|
Batting: SHB Bob Noble
|
0-0: Ball 1-0: Called Strike 1-1: Ball 2-1: Fly out, F9 (Flyball, 89M)
|
Top of the 6th over - 1 run(s), 2 hit(s), 0 error(s), 1 left on base; Detroit 5 - Athens 2 |
BOTTOM OF THE 6TH |
Athens Assassins batting - Pitching for Detroit Dirty Snow : LHP Jason Simpson
|
Batting: LHB Tommy Payne
|
0-0: Called Strike 0-1: Ball 1-1: Ball 2-1: Ball 3-1: Swinging Strike 3-2: Strikes out swinging
|
Batting: LHB Terry Simpson
|
0-0: Ball 1-0: Foul Ball, location: 2F 1-1: Called Strike 1-2: Ball 2-2: Ground out U3 (Groundball, 3)
|
Batting: LHB António Romo
|
0-0: Foul Ball, location: 2F 0-1: Ball 1-1: Ball 2-1: Ball 3-1: Swinging Strike 3-2: Strikes out swinging
|
Bottom of the 6th over - 0 run(s), 0 hit(s), 0 error(s), 0 left on base; Detroit 5 - Athens 2 |
TOP OF THE 7TH |
Detroit Dirty Snow batting - Pitching for Athens Assassins : RHP Cisco López
|
Pitching: RHP José Moreno
|
|
Batting: RHB Cristo Souza
|
0-0: Called Strike 0-1: Ball 1-1: Called Strike 1-2: Ball 2-2: Fly out, F8 (Line Drive, 8RM)
|
Batting: LHB Eric Powell
|
0-0: Called Strike 0-1: Swinging Strike 0-2: Foul Ball, location: 2F 0-2: Foul Ball, location: 2F 0-2: Ball 1-2: Foul Ball, location: 2F 1-2: Foul Ball, location: 2F 1-2: Ball 2-2: DOUBLE (Flyball, 9LM)
|
Batting: SHB Tim Reid
|
0-0: Intentional Walk
|
Batting: RHB Héctor Berrios
|
0-0: Ball 1-0: Called Strike 1-1: Ball 2-1: Reached on error, E5 (Groundball, 5S) Eric Powell to third Tim Reid to second
|
Batting: RHB Manny Perea
|
0-0: Ball 1-0: Ball 2-0: Foul Ball, location: 2F 2-1: Foul Ball, location: 2F 2-2: SINGLE (Groundball, 6D) Eric Powell scores Tim Reid to third Héctor Berrios to second
|
Batting: RHB Charlie O'Farrell
|
0-0: Ball 1-0: Foul Ball, location: 2F 1-1: Ball 2-1: Ball Wild Pitch! Tim Reid scores Héctor Berrios to third Manny Perea to second 3-1: Base on Balls
|
Batting: SHB Alan Garland
|
0-0: Called Strike 0-1: Ball 1-1: Hit by Pitch Héctor Berrios scores Manny Perea to third Charlie O'Farrell to second
|
Batting: RHB Phil Wright
|
0-0: Called Strike 0-1: Ball 1-1: Swinging Strike 1-2: TRIPLE (Flyball, 8LXD) Manny Perea scores Charlie O'Farrell scores Alan Garland scores
|
Pitching: RHP Jason Mason
|
|
Batting: SHB Bob Noble
|
0-0: Called Strike 0-1: Ground out 4-3 (Groundball, 4) Phil Wright scores
|
Batting: RHB Cristo Souza
|
0-0: Ground out 5-3 (Groundball, 56)
|
Top of the 7th over - 7 run(s), 3 hit(s), 1 error(s), 0 left on base; Detroit 12 - Athens 2 |
BOTTOM OF THE 7TH |
Athens Assassins batting - Pitching for Detroit Dirty Snow : LHP Jason Simpson
|
Pitching: RHP Dave Funk
|
|
Batting: LHB Xavier Smith
|
0-0: Ground out 4-3 (Groundball, 4)
|
Batting: LHB Al Bartlett
|
0-0: Ball 1-0: SOLO HOME RUN (Flyball, 78XD), Distance : 403 ft
|
Batting: RHB George Arnold
|
0-0: Ball 1-0: Ball 2-0: Called Strike 2-1: SINGLE (Groundball, 4M)
|
Batting: RHB Ryan Jackson
|
0-0: 2-RUN HOME RUN (Flyball, 78XD), Distance : 406 ft
|
Batting: SHB José Estreito
|
0-0: Called Strike 0-1: Ball 1-1: Ball 2-1: Foul Ball, location: 2F 2-2: Ball 3-2: Base on Balls
|
Batting: RHB Juan Gonzáles
|
0-0: Ball 1-0: Foul Ball, location: 2F 1-1: Foul Ball, location: 2F 1-2: Strikes out swinging
|
Batting: LHB Tommy Payne
|
0-0: Swinging Strike 0-1: Ground out U3 (Groundball, 3)
|
Bottom of the 7th over - 3 run(s), 3 hit(s), 0 error(s), 1 left on base; Detroit 12 - Athens 5 |
TOP OF THE 8TH |
Detroit Dirty Snow batting - Pitching for Athens Assassins : RHP Jason Mason
|
Batting: LHB Eric Powell
|
0-0: Foul Ball, location: 2F 0-1: Ball 1-1: Ball 2-1: Fly out, F4 (Line Drive, 4)
|
Pinch Hitting: RHB Norm Skinner
|
0-0: Called Strike 0-1: Foul Ball, location: 2F 0-2: Ground out 5-3 (Groundball, 5S)
|
Batting: RHB Héctor Berrios
|
0-0: Ball 1-0: Ball 2-0: Ball 3-0: Foul Ball, location: 2F 3-1: Swinging Strike 3-2: SINGLE (Groundball, 56)
|
Batting: RHB Manny Perea
|
0-0: Called Strike Héctor Berrios steals 2nd base 0-1: Hit by Pitch
|
Batting: RHB Charlie O'Farrell
|
0-0: Ball 1-0: Ball 2-0: Ball 3-0: Called Strike 3-1: Foul Ball, location: 2F 3-2: Strikes out swinging
|
Top of the 8th over - 0 run(s), 1 hit(s), 0 error(s), 2 left on base; Detroit 12 - Athens 5 |
BOTTOM OF THE 8TH |
Athens Assassins batting - Pitching for Detroit Dirty Snow : RHP Dave Funk
|
Now at 2B: Norm Skinner
|
|
Batting: LHB Terry Simpson
|
0-0: Ball 1-0: Ball 2-0: Ball 3-0: Foul Ball, location: 2F 3-1: Swinging Strike 3-2: Base on Balls
|
Batting: LHB António Romo
|
0-0: Foul Ball, location: 2F 0-1: Grounds into double play, 1-6-3 (Groundball, 15)
|
Batting: LHB Xavier Smith
|
0-0: Ball 1-0: Ball 2-0: DOUBLE (Flyball, 78XD)
|
Batting: LHB Al Bartlett
|
0-0: Ball 1-0: Ball 2-0: Swinging Strike 2-1: Ball 3-1: Base on Balls
|
Batting: RHB George Arnold
|
0-0: Ball 1-0: Ball 2-0: Ball 3-0: Called Strike 3-1: Called Strike 3-2: Fly out, F4 (Line Drive, 4M)
|
Bottom of the 8th over - 0 run(s), 1 hit(s), 0 error(s), 2 left on base; Detroit 12 - Athens 5 |
TOP OF THE 9TH |
Detroit Dirty Snow batting - Pitching for Athens Assassins : RHP Jason Mason
|
Batting: SHB Alan Garland
|
0-0: Called Strike 0-1: Ball 1-1: Ball 2-1: Ball 3-1: Ground out 4-3 (Groundball, 4)
|
Batting: RHB Phil Wright
|
0-0: Fly out, F9 (Flyball, 9LM)
|
Batting: SHB Bob Noble
|
0-0: Ground out 4-3 (Groundball, 4)
|
Top of the 9th over - 0 run(s), 0 hit(s), 0 error(s), 0 left on base; Detroit 12 - Athens 5 |
BOTTOM OF THE 9TH |
Athens Assassins batting - Pitching for Detroit Dirty Snow : RHP Dave Funk
|
Batting: RHB Ryan Jackson
|
0-0: Called Strike 0-1: Ball 1-1: Foul Ball, location: 2F 1-2: SINGLE (Groundball, 34D)
|
Batting: SHB José Estreito
|
0-0: Foul Ball, location: 2F 0-1: Fly out, F8 (Flyball, 8LM)
|
Batting: RHB Juan Gonzáles
|
0-0: Ball 1-0: Ball 2-0: Ball 3-0: Base on Balls Ryan Jackson to second
|
Batting: LHB Tommy Payne
|
0-0: Called Strike 0-1: Ball 1-1: Fly out, F2 (Popup, 2LF)
|
Batting: LHB Terry Simpson
|
0-0: DOUBLE (Flyball, 89D) Ryan Jackson scores Juan Gonzáles to third
|
Batting: LHB António Romo
|
0-0: Ball 1-0: Fly out, F2 (Popup, 2RF)
|
Bottom of the 9th over - 1 run(s), 2 hit(s), 0 error(s), 2 left on base; Detroit 12 - Athens 6 |
 |
Monday, December 5th, 2016 - OOTP Baseball 17.12 Build 75
|
|